TOP OF THE 1ST |
Chicago White Sox batting - Pitching for Detroit Tigers : RHP Edwin Ramirez
|
Pitching: RHP Edwin Ramirez
|
|
Batting: SHB Dwayne Taggart
|
0-0: Ball 1-0: Foul Ball, location: 2F 1-1: Ball 2-1: Fly out, F4 (Popup, 4M, EV 65.0 MPH)
|
Batting: LHB Rudy Law
|
0-0: Ball 1-0: Ball 2-0: Swinging Strike 2-1: SINGLE (Line Drive, 78S, EV 103.8 MPH)
|
Batting: RHB Mike Heath
|
0-0: SINGLE (Line Drive, 89S, EV 107.5 MPH) Rudy Law to second
|
Batting: LHB Mitchell Page
|
0-0: Ball Rudy Law steals 3rd base 1-0: Called Strike 1-1: Called Strike Mike Heath steals 2nd base 1-2: Fly out, F9 (Flyball, 9S, EV 92.5 MPH)
|
Batting: RHB Steve Henderson
|
0-0: Ball 1-0: DOUBLE (Flyball, 8RXD, EV 96.3 MPH) Rudy Law scores Mike Heath scores
|
Batting: RHB Tim Teufel
|
0-0: Ball 1-0: Ball 2-0: Ball 3-0: Base on Balls
|
Batting: RHB Bob Bailey
|
0-0: Ball 1-0: Foul Ball, location: 2F 1-1: Ball 2-1: Ball 3-1: Foul Ball, location: 2F 3-2: SINGLE (Line Drive, 4MD, EV 106.9 MPH) Steve Henderson to third Tim Teufel to second Steve Henderson scores Tim Teufel to third
|
Batting: SHB Wayne Tolleson
|
0-0: Fly out, F7 (Flyball, 7LS, EV 81.9 MPH)
|
Top of the 1st over - 3 runs, 4 hits, 0 errors, 2 left on base; Chicago 3 - Detroit 0 |
BOTTOM OF THE 1ST |
Detroit Tigers batting - Pitching for Chicago White Sox : RHP Bruce Kison
|
Pitching: RHP Bruce Kison
|
|
Batting: SHB Lee Mazzilli
|
0-0: Bunted foul 0-1: Fly out, F8 (Line Drive, 8RM, EV 100.0 MPH)
|
Batting: RHB Nick Capra
|
0-0: Ball 1-0: Ball 2-0: Called Strike 2-1: Ball 3-1: Called Strike 3-2: Strikes out swinging
|
Batting: SHB Tony Phillips
|
0-0: Foul Ball, location: 2F 0-1: Foul Ball, location: 2F 0-2: Strikes out looking
|
Bottom of the 1st over - 0 runs, 0 hits, 0 errors, 0 left on base; Chicago 3 - Detroit 0 |
TOP OF THE 2ND |
Chicago White Sox batting - Pitching for Detroit Tigers : RHP Edwin Ramirez
|
Batting: LHB Steve Christmas
|
0-0: Foul Ball, location: 2F 0-1: Ball 1-1: Ball 2-1: Fly out, F9 (Flyball, 9LS, EV 95.0 MPH)
|
Batting: SHB Dwayne Taggart
|
0-0: Called Strike 0-1: SINGLE (Line Drive, 8RS, EV 102.5 MPH)
|
Batting: LHB Rudy Law
|
0-0: Ball 1-0: Ball 2-0: Fly out, F7 (Line Drive, 7, EV 84.4 MPH)
|
Batting: RHB Mike Heath
|
0-0: Called Strike 0-1: DOUBLE (Line Drive, 7LM, EV 108.8 MPH) Dwayne Taggart to third Runner from 3rd tries for Home, SAFE, throw by LF to trailing runner, OUT at third! 7-6-5
|
Top of the 2nd over - 1 run, 2 hits, 0 errors, 0 left on base; Chicago 4 - Detroit 0 |
BOTTOM OF THE 2ND |
Detroit Tigers batting - Pitching for Chicago White Sox : RHP Bruce Kison
|
Batting: LHB Greg Brock
|
0-0: Called Strike 0-1: Foul Ball, location: 2F 0-2: Ball 1-2: Ball 2-2: Ball 3-2: Ground out 4-3 (Groundball, 4, EV 86.3 MPH)
|
Batting: LHB Randy S Johnson
|
0-0: Foul Ball, location: 2F 0-1: Fly out, F8 (Flyball, 78S, EV 90.0 MPH)
|
Batting: RHB Larry Parrish
|
0-0: Ball 1-0: Called Strike 1-1: Ball 2-1: Ground out 4-3 (Groundball, 4S, EV 65.6 MPH)
|
Bottom of the 2nd over - 0 runs, 0 hits, 0 errors, 0 left on base; Chicago 4 - Detroit 0 |
TOP OF THE 3RD |
Chicago White Sox batting - Pitching for Detroit Tigers : RHP Edwin Ramirez
|
Batting: LHB Mitchell Page
|
0-0: Called Strike 0-1: Called Strike 0-2: Ground out 4-3 (Groundball, 34D, EV 107.5 MPH)
|
Batting: RHB Steve Henderson
|
0-0: Foul Ball, location: 2F 0-1: Foul Ball, location: 2F 0-2: Ball 1-2: Ball 2-2: Ground out 6-3 (Groundball, 56D, EV 101.3 MPH)
|
Batting: RHB Tim Teufel
|
0-0: Ground out 5-3 (Groundball, 5S, EV 81.3 MPH)
|
Top of the 3rd over - 0 runs, 0 hits, 0 errors, 0 left on base; Chicago 4 - Detroit 0 |
BOTTOM OF THE 3RD |
Detroit Tigers batting - Pitching for Chicago White Sox : RHP Bruce Kison
|
Batting: LHB Dan Graham
|
0-0: Ball 1-0: Swinging Strike 1-1: Ball 2-1: Ball 3-1: Foul Ball, location: 2F 3-2: Base on Balls
|
Batting: SHB Raul Gonzalez
|
0-0: Ball 1-0: Swinging Strike 1-1: Fly out, F4 (Popup, 4MS, EV 74.4 MPH)
|
Batting: RHB Mike Sproles
|
0-0: SINGLE (Groundball, 5S, EV 76.3 MPH) (infield hit) Dan Graham to second
|
Batting: SHB Lee Mazzilli
|
0-0: Swinging Strike 0-1: Swinging Strike 0-2: Strikes out swinging
|
Batting: RHB Nick Capra
|
0-0: Ball 1-0: Ball 2-0: Foul Ball, location: 2F 2-1: Foul Ball, location: 2F 2-2: Strikes out swinging
|
Bottom of the 3rd over - 0 runs, 1 hit, 0 errors, 2 left on base; Chicago 4 - Detroit 0 |
TOP OF THE 4TH |
Chicago White Sox batting - Pitching for Detroit Tigers : RHP Edwin Ramirez
|
Batting: RHB Bob Bailey
|
0-0: Ball 1-0: Ball 2-0: TRIPLE (Flyball, 78XD, EV 90.6 MPH)
|
Batting: SHB Wayne Tolleson
|
0-0: Ball 1-0: Ball 2-0: Ball 3-0: Called Strike 3-1: Ground out 1-3 (Groundball, 13S, EV 71.3 MPH)
|
Batting: LHB Steve Christmas
|
0-0: Called Strike 0-1: Ball 1-1: Foul Ball, location: 2F 1-2: Ball 2-2: Ground out 5-3 (Groundball, 56, EV 82.5 MPH) Bob Bailey scores
|
Batting: SHB Dwayne Taggart
|
0-0: Ball 1-0: Called Strike 1-1: Foul Ball, location: 2F 1-2: Ball 2-2: Ground out 4-3 (Groundball, 34D, EV 93.8 MPH)
|
Top of the 4th over - 1 run, 1 hit, 0 errors, 0 left on base; Chicago 5 - Detroit 0 |
BOTTOM OF THE 4TH |
Detroit Tigers batting - Pitching for Chicago White Sox : RHP Bruce Kison
|
Pitching: LHP Dan Schatzeder
|
|
Batting: SHB Tony Phillips
|
0-0: Called Strike 0-1: Fly out, F8 (Flyball, 8RM, EV 92.5 MPH)
|
Batting: LHB Greg Brock
|
0-0: Ball 1-0: Ground out 4-3 (Groundball, 4, EV 86.9 MPH)
|
Batting: LHB Randy S Johnson
|
0-0: Swinging Strike 0-1: Called Strike 0-2: Ball 1-2: Ball 2-2: Ball 3-2: Foul Ball, location: 2F 3-2: SINGLE (Groundball, 4MD, EV 100.6 MPH)
|
Batting: RHB Larry Parrish
|
0-0: Foul Ball, location: 2F 0-1: Foul Ball, location: 2F 0-2: Ball 1-2: Foul Ball, location: 2F 1-2: Foul Ball, location: 2F 1-2: DOUBLE (Line Drive, 7LS, EV 108.1 MPH) Randy S Johnson to third Runner from 3rd tries for Home, SAFE, no throw by LF
|
Batting: LHB Dan Graham
|
0-0: Called Strike 0-1: Ball 1-1: Called Strike 1-2: Ball 2-2: Foul Ball, location: 2F 2-2: Foul Ball, location: 2F 2-2: Ball 3-2: Foul Ball, location: 2F 3-2: Base on Balls
|
Batting: SHB Raul Gonzalez
|
0-0: Called Strike 0-1: Ball 1-1: Fly out, F7 (Flyball, 7S, EV 85.6 MPH)
|
Bottom of the 4th over - 1 run, 2 hits, 0 errors, 2 left on base; Chicago 5 - Detroit 1 |
TOP OF THE 5TH |
Chicago White Sox batting - Pitching for Detroit Tigers : RHP Edwin Ramirez
|
Pitching: RHP Ricardo Posada
|
|
Batting: LHB Rudy Law
|
0-0: Ball 1-0: Called Strike 1-1: Ground out 6-3 (Groundball, P, EV 85.0 MPH)
|
Batting: RHB Mike Heath
|
0-0: Swinging Strike 0-1: Ball 1-1: Ball 2-1: Ground out 5-3 (Groundball, 56S, EV 86.9 MPH)
|
Batting: LHB Mitchell Page
|
0-0: Ball 1-0: Called Strike 1-1: Swinging Strike 1-2: Ground out 4-3 (Groundball, 4M, EV 105.6 MPH)
|
Top of the 5th over - 0 runs, 0 hits, 0 errors, 0 left on base; Chicago 5 - Detroit 1 |
BOTTOM OF THE 5TH |
Detroit Tigers batting - Pitching for Chicago White Sox : LHP Dan Schatzeder
|
Batting: RHB Mike Sproles
|
0-0: Ball 1-0: Foul Ball, location: 2F 1-1: Ball 2-1: Foul Ball, location: 2F 2-2: Ground out 5-3 (Groundball, 56S, EV 88.8 MPH)
|
Batting: SHB Lee Mazzilli
|
0-0: Ball 1-0: Swinging Strike 1-1: Swinging Strike 1-2: Ground out 6-3 (Groundball, 6M, EV 89.4 MPH)
|
Batting: RHB Nick Capra
|
0-0: Ball 1-0: Ground out 6-3 (Groundball, 6, EV 90.0 MPH)
|
Bottom of the 5th over - 0 runs, 0 hits, 0 errors, 0 left on base; Chicago 5 - Detroit 1 |
TOP OF THE 6TH |
Chicago White Sox batting - Pitching for Detroit Tigers : RHP Ricardo Posada
|
Batting: RHB Steve Henderson
|
0-0: Ball 1-0: Ball 2-0: Ball 3-0: Called Strike 3-1: SINGLE (Groundball, 6S, EV 74.4 MPH) (infield hit)
|
Batting: RHB Tim Teufel
|
0-0: Bunted foul 0-1: Sac Bunt to 25 - play at first, batter OUT! 5-4 Steve Henderson to second
|
Batting: RHB Bob Bailey
|
0-0: Ball 1-0: Called Strike 1-1: Swinging Strike 1-2: Strikes out swinging
|
Batting: SHB Wayne Tolleson
|
0-0: Foul Ball, location: 2F 0-1: Called Strike 0-2: Ball 1-2: Fly out, F7 (Flyball, 7LS, EV 80.6 MPH)
|
Top of the 6th over - 0 runs, 1 hit, 0 errors, 1 left on base; Chicago 5 - Detroit 1 |
BOTTOM OF THE 6TH |
Detroit Tigers batting - Pitching for Chicago White Sox : LHP Dan Schatzeder
|
Batting: SHB Tony Phillips
|
0-0: Called Strike 0-1: Foul Ball, location: 2F 0-2: Ball 1-2: Fly out, F8 (Flyball, 8LS, EV 89.4 MPH)
|
Batting: LHB Greg Brock
|
0-0: Ball 1-0: Swinging Strike 1-1: SINGLE (Groundball, 34D, EV 96.9 MPH)
|
Pitching: RHP Dave S Smith
|
|
Batting: LHB Randy S Johnson
|
0-0: Called Strike 0-1: Grounds into double play, 4-6-3 (Groundball, 34, EV 103.8 MPH)
|
Bottom of the 6th over - 0 runs, 1 hit, 0 errors, 0 left on base; Chicago 5 - Detroit 1 |
TOP OF THE 7TH |
Chicago White Sox batting - Pitching for Detroit Tigers : RHP Ricardo Posada
|
Batting: LHB Steve Christmas
|
0-0: Called Strike 0-1: Called Strike 0-2: Ball 1-2: Reached on error, E4 (Groundball, 4, EV 85.6 MPH)
|
Pinch Hitting: RHB Mike A Marshall
|
0-0: Swinging Strike 0-1: Bunt missed! 0-2: Strikes out swinging
|
Pinch Hitting: SHB Kevin King
|
0-0: Called Strike 0-1: Ball 1-1: SINGLE (Flyball, 9S, EV 88.1 MPH) Steve Christmas to third Runner from 3rd tries for Home, SAFE, throw by RF to home
|
Pinch Hitting: RHB Jose Castro
|
0-0: Ball 1-0: Ball 2-0: Ball 3-0: Base on Balls Kevin King to second
|
Pitching: RHP Preston Hanna
|
|
Pinch Hitting: RHB Jim Wynn
|
0-0: Ball 1-0: Called Strike 1-1: Ball 2-1: Ball 3-1: Called Strike 3-2: DOUBLE (Line Drive, 78D, EV 102.5 MPH) Kevin King scores Jose Castro to third Runner from 3rd tries for Home, SAFE, no throw by CF
|
Batting: RHB Steve Henderson
|
0-0: Fly out, F6 (Popup, 6, EV 64.4 MPH)
|
Pinch Hitting: SHB Ozzie Smith
|
0-0: Called Strike 0-1: Foul Ball, location: 2F 0-2: Ball 1-2: Foul Ball, location: 2F 1-2: Ball 2-2: Fly out, F9 (Line Drive, 9, EV 93.8 MPH)
|
Top of the 7th over - 3 runs, 2 hits, 1 error, 1 left on base; Chicago 8 - Detroit 1 |
BOTTOM OF THE 7TH |
Detroit Tigers batting - Pitching for Chicago White Sox : RHP Dave S Smith
|
Now at 1B: Mike A Marshall
|
|
Now at 2B: Ozzie Smith
|
|
Now at SS: Jose Castro
|
|
Now in CF: Kevin King
|
|
Now in RF: Jim Wynn
|
|
Batting: RHB Larry Parrish
|
0-0: Called Strike 0-1: Ball 1-1: Fly out, F7 (Flyball, 7D, EV 75.6 MPH)
|
Batting: LHB Dan Graham
|
0-0: Ball 1-0: Foul Ball, location: 2F 1-1: Fly out, F4 (Popup, 4, EV 73.8 MPH)
|
Batting: SHB Raul Gonzalez
|
0-0: Fly out, F8 (Line Drive, 8LD, EV 93.1 MPH)
|
Bottom of the 7th over - 0 runs, 0 hits, 0 errors, 0 left on base; Chicago 8 - Detroit 1 |
TOP OF THE 8TH |
Chicago White Sox batting - Pitching for Detroit Tigers : RHP Preston Hanna
|
Batting: RHB Tony Velasquez
|
0-0: Called Strike 0-1: Foul Ball, location: 2F 0-2: Ball 1-2: Strikes out swinging
|
Pinch Hitting: LHB Ryan MacFarland
|
0-0: Ball 1-0: Called Strike 1-1: Swinging Strike 1-2: Fly out, F9 (Line Drive, 9D, EV 86.3 MPH)
|
Batting: LHB Steve Christmas
|
0-0: Ball 1-0: Called Strike 1-1: Foul Ball, location: 2F 1-2: Strikes out looking
|
Top of the 8th over - 0 runs, 0 hits, 0 errors, 0 left on base; Chicago 8 - Detroit 1 |
BOTTOM OF THE 8TH |
Detroit Tigers batting - Pitching for Chicago White Sox : RHP Dave S Smith
|
Now at 3B: Ryan MacFarland
|
|
Batting: RHB Mike Sproles
|
0-0: Ball 1-0: Ground out 4-3 (Groundball, 4M, EV 111.3 MPH)
|
Pinch Hitting: RHB Rusty Tillman
|
0-0: Ball 1-0: Called Strike 1-1: SINGLE (Groundball, 6S, EV 63.1 MPH) (infield hit)
|
Batting: RHB Andre Thornton
|
0-0: Ball 1-0: Swinging Strike 1-1: Fly out, F5 (Popup, 56, EV 72.5 MPH)
|
Pinch Hitting: RHB Jose Hidalgo
|
0-0: Ball 1-0: Called Strike 1-1: Foul Ball, location: 2F 1-2: Foul Ball, location: 2F 1-2: Foul Ball, location: 2F 1-2: SINGLE (Groundball, 6MD, EV 101.9 MPH) Rusty Tillman to second
|
Pinch Hitting: RHB William Young
|
0-0: Swinging Strike 0-1: Swinging Strike 0-2: Foul Ball, location: 2F 0-2: Ball 1-2: Fielders Choice at 2nd, 6-4 (Groundball, 6, EV 105.0 MPH)
|
Bottom of the 8th over - 0 runs, 2 hits, 0 errors, 2 left on base; Chicago 8 - Detroit 1 |
TOP OF THE 9TH |
Chicago White Sox batting - Pitching for Detroit Tigers : RHP Preston Hanna
|
Now at 1B: William Young
|
|
Now at 2B: Jose Hidalgo
|
|
Now in LF: Rusty Tillman
|
|
Batting: RHB Mike A Marshall
|
0-0: SOLO HOME RUN (Flyball, 78XD, EV 105.6 MPH), Distance : 441 ft
|
Batting: SHB Kevin King
|
0-0: Ground out 5-3 (Groundball, 56, EV 103.1 MPH)
|
Batting: RHB Jose Castro
|
0-0: Ball 1-0: Foul Ball, location: 2F 1-1: Foul Ball, location: 2F 1-2: Ball 2-2: Foul Ball, location: 2F 2-2: Foul Ball, location: 2F 2-2: Strikes out swinging
|
Batting: RHB Jim Wynn
|
0-0: Foul Ball, location: 2F 0-1: Ball 1-1: Called Strike 1-2: Foul Ball, location: 2F 1-2: Strikes out swinging
|
Top of the 9th over - 1 run, 1 hit, 0 errors, 0 left on base; Chicago 9 - Detroit 1 |
BOTTOM OF THE 9TH |
Detroit Tigers batting - Pitching for Chicago White Sox : RHP Dave S Smith
|
Pinch Hitting: RHB Rusty Kuntz
|
0-0: Ball 1-0: Foul Ball, location: 2F 1-1: Swinging Strike 1-2: Foul Ball, location: 2F 1-2: Ball 2-2: Reached on error, E6 (Groundball, 56, EV 89.4 MPH)
|
Pinch Hitting: RHB Keith Moreland
|
0-0: Ball 1-0: Ball 2-0: Fly out, F8 (Flyball, 8RM, EV 77.5 MPH)
|
Pinch Hitting: RHB Dennis Delany
|
0-0: Ball 1-0: Ball 2-0: Foul Ball, location: 2F 2-1: Ball 3-1: Called Strike 3-2: Ground out 5-3 (Groundball, 5, EV 110.6 MPH) Rusty Kuntz to second
|
Pinch Hitting: RHB Joseph Scherger
|
0-0: Fly out, F9 (Flyball, 9LS, EV 93.8 MPH)
|
Bottom of the 9th over - 0 runs, 0 hits, 1 error, 1 left on base; Chicago 9 - Detroit 1 |
|